details: '1v1 with 3 leavers each pwned'

« prev index next »

General information

Mini Map

Players

team 1
UndeadHorror (green | 130 APM | 92 actions | 00:42)

» actions
Build / train3
Enter build submenu2
Right click77
Select / deselect8
Use ability2
92 total
» units
Acolyte3
3 total
» buildings
Crypt1
Ziggurat1
2 total
» build order
00:05 Crypt
00:07 Ziggurat
UndeadaServantOfJesus (pink | 87 APM | 542 actions | 06:15)
Hero icon 1 Priestess of the Moon
Ability icon 1 Trueshot Aura
Hero icon 2 Death Knight
Ability icon 2 Death Coil
Hero icon 1 Blood Mage
Ability icon 1 Flame Strike

» actions
Assign group hotkey20
Basic commands16
Build / train62
ESC pressed2
Enter build submenu34
Enter hero's abilities submenu4
Right click161
Select / deselect144
Select group hotkey68
Use ability31
542 total
» units
Acolyte2
Ghoul5
Peasant5
Wisp8
Crypt Fiend15
Footman8
Huntress8
51 total
» upgrades
Creature Attack1
1 total
» buildings
Crypt4
Graveyard2
Altar of Darkness2
Tomb of Relics1
Ziggurat5
Hunter's Hall1
Moon Well2
Barracks1
Farm3
Ancient of War3
Scout Tower2
26 total
» build order
00:19 Crypt
00:25 Graveyard
01:30 Graveyard
01:43 Altar of Darkness
01:46 Tomb of Relics
02:08 Ziggurat
02:10 Ziggurat
02:13 Ziggurat
02:17 Altar of Darkness
02:33 Hunter's Hall
02:38 Moon Well
02:46 Ziggurat
02:47 Ziggurat
03:00 Barracks
03:11 Crypt
03:29 Moon Well
03:56 Farm
03:57 Farm
03:57 Farm
04:22 Ancient of War
04:23 Ancient of War
04:29 Ancient of War
05:10 Scout Tower
05:10 Scout Tower
06:10 Crypt
06:11 Crypt
NightElfrwhwqwqjr (purple | 59 APM | 31 actions | 00:31)

» actions
Build / train5
Enter build submenu2
Right click8
Select / deselect10
Use ability6
31 total
» units
Wisp5
5 total
» buildings
Altar of Elders1
Moon Well1
2 total
» build order
00:13 Altar of Elders
00:19 Moon Well
Random» HumanEthnicCleanse88 (orange | 191 APM | 101 actions | 00:31)

» actions
Assign group hotkey9
Build / train2
Enter build submenu5
Right click47
Select / deselect14
Select group hotkey19
Use ability5
101 total
» units
Peasant2
2 total
» buildings
Farm2
Altar of Kings1
Barracks2
5 total
» build order
00:06 Farm
00:06 Altar of Kings
00:18 Farm
00:22 Barracks
00:24 Barracks
team 2
HumanShaggyDI (teal | 31 APM | 17 actions | 00:32)

» actions
Build / train5
Right click3
Select / deselect9
17 total
» units
Peasant5
5 total
Random» Undeadlook (red | 65 APM | 11 actions | 00:10)

» actions
Assign group hotkey1
Build / train2
Right click4
Select / deselect4
11 total
» units
Acolyte2
2 total
Random» UndeadiTKOrcPlayers (yellow | 56 APM | 28 actions | 00:29)

» actions
Assign group hotkey4
Build / train2
Enter build submenu2
Right click9
Select / deselect8
Select group hotkey1
Use ability2
28 total
» units
Acolyte2
2 total
» buildings
Crypt1
Graveyard1
2 total
» build order
00:07 Crypt
00:14 Graveyard
HumanSmokeBreak (blue | 81 APM | 507 actions | 06:16)
Hero icon 2 Death Knight
Ability icon 2 Death Coil
Hero icon 2 Archmage
Ability icon 2 Summon Water Elemental

» actions
Assign group hotkey8
Basic commands11
Build / train67
Enter build submenu36
Enter hero's abilities submenu4
Remove unit from queue4
Right click109
Select / deselect195
Select group hotkey31
Use ability42
507 total
» units
Peasant11
Crypt Fiend16
Footman17
Ghoul2
46 total
» upgrades
Cannibalize0
Defend2
Creature Attack2
4 total
» buildings
Crypt2
Ziggurat7
Altar of Darkness2
Altar of Kings4
Barracks3
Farm12
Graveyard1
Scout Tower1
Nerubian Tower1
Arcane Tower1
Keep2
36 total
» build order
00:47 Crypt
00:48 Ziggurat
00:50 Altar of Darkness
00:58 Altar of Kings
01:00 Barracks
01:03 Farm
01:05 Farm
01:07 Farm
01:09 Farm
01:09 Farm
01:17 Crypt
01:18 Ziggurat
01:19 Altar of Darkness
01:23 Ziggurat
01:28 Graveyard
01:33 Altar of Kings
01:35 Barracks
01:36 Farm
01:36 Farm
01:40 Altar of Kings
01:42 Barracks
01:43 Farm
01:44 Altar of Kings
01:48 Farm
01:50 Farm
02:39 Farm
02:41 Farm
02:56 Scout Tower
03:00 Nerubian Tower
03:08 Ziggurat
03:11 Ziggurat
03:14 Ziggurat
03:19 Ziggurat
03:30 Arcane Tower
05:11 Keep
06:13 Keep

Chat log

(00:57 / All) aServantOfJesus: u want it?